 Dungeon Crawl Stone Soup version 0.30-a0-457-g4b7bca3bfa (webtiles) character file.

Game seed: 2376332130989689660

290164 Ijustatesigmund the Victor of a Thousand Battles (level 21, -10/172 HPs)
             Began as a Djinni Fire Elementalist on Dec 8, 2022.
             Was the Champion of Okawaru.
             Mangled by a vampire knight
             ... wielding a +1 great mace
              (28 damage)
             ... on level 1 of the Crypt on Dec 12, 2022.
             The game lasted 03:45:00 (55286 turns).

Ijustatesigmund (DjFE)                             Turns: 55286, Time: 03:45:01

Health: -10/172    AC: 22    Str:  7    XL:     21   Next: 62%
Gold:   2298       EV: 20    Int: 34    God:    Okawaru [******] SH: 14 Dex: 19

rFire   + + .      SeeInvis .    S - +5 demon blade (venom)
rCold   . . .      Faith    .    Z - +2 buckler {rC+}
rNeg    + + +      Spirit   .    Y - +3 leather armour of the Trombone {Fly rF- rN+++ rCorr}
rPois   ∞          Reflect  +    D - +2 helmet
rElec   .          Harm     .    m - +2 cloak
rCorr   +          Rampage  .    A - +2 pair of gloves "Muowixt" {+Blink rPois Will+}
Will    +++..                    (boots unavailable)
Stlth   ++........               p - amulet "Uleobb" {Reflect rPois rCorr Int+5 SH+5}
HPRegen 0.48/turn                F - +4 ring of protection
MPRegen 0.00/turn                u - ring "Puweniw" {rF+ EV+4 Int+2 Dex+4}

@: about to teleport, flying, studying 2 skills
A: sickness immunity, fire resistance 2, cold vulnerability 1, float, innate
caster, HP casting, extra vitality 1, robust 1
}: 2/15 runes: decaying, serpentine
a: Renounce Religion, Evoke Blink, Heroism, Finesse, Duel


You were on level 1 of the Crypt.
You worshipped Okawaru.
Okawaru was exalted by your worship.
You visited 9 branches of the dungeon, and saw 35 of its levels.
You also visited: Sewer and Ice Cave.

You collected 3717 gold pieces.
You spent 1419 gold pieces at shops.

Inventory:

Hand Weapons
 o - a +4 rapier of electrocution
 S - a +5 demon blade of venom (weapon)
Armour
 d - +0 ice dragon scales
 j - a +2 troll leather armour
 m - a +2 cloak (worn)
 t - the +2 robe "Qoirot" {rN+ SInv}
   (You found it on level 9 of the Dungeon)

   rN:        It protects you from negative energy.
   SInv:      It lets you see invisible.
 v - +0 fire dragon scales
 A - the +2 pair of gloves "Muowixt" (worn) {+Blink rPois Will+}
   (Okawaru gifted it to you on level 4 of the Snake Pit)

   rPois:     It protects you from poison.
   +Blink:    It lets you blink.
   Will:      It increases your willpower.
 D - a +2 helmet (worn)
 O - a scarf of resistance
 T - a +2 kite shield of fire resistance
 X - a +3 leather armour of resistance
 Y - the +3 leather armour of the Trombone (worn) {Fly rF- rN+++ rCorr}
   (You found it on level 4 of the Swamp)

   rF:        It makes you vulnerable to fire.
   rN:        It renders you almost immune to negative energy.
   Fly:       It grants you flight.
   rCorr:     It protects you from acid and corrosion.
 Z - a +2 buckler of cold resistance (worn)
Magical Staves
 y - a staff of fire
Jewellery
 i - a ring of positive energy
 p - the amulet "Uleobb" (around neck) {Reflect rPois rCorr Int+5 SH+5}
   (You found it on level 6 of the Dungeon)

   [amulet of reflection]

   It reflects blocked missile attacks.
   Int:       It affects your intelligence (+5).
   rPois:     It protects you from poison.
   rCorr:     It protects you from acid and corrosion.
   SH:        It affects your SH (+5).
 u - the ring "Puweniw" (right hand) {rF+ EV+4 Int+2 Dex+4}
   (You found it on level 1 of the Snake Pit)

   [ring of evasion]

   EV:        It affects your evasion (+4).
   Int:       It affects your intelligence (+2).
   Dex:       It affects your dexterity (+4).
   rF:        It protects you from fire.
 w - a ring of protection from fire
 F - a +4 ring of protection (left hand)
 L - a ring of resist corrosion
 Q - an amulet of regeneration
 V - a ring of wizardry
Wands
 g - a wand of polymorph (25)
 B - a wand of flame (21)
 G - a wand of roots (14)
 I - a wand of mindburst (31)
 J - a wand of acid (15)
 W - a wand of paralysis (10)
Scrolls
 a - a scroll of fog
 c - a scroll of silence
 h - 12 scrolls of immolation
 n - 4 scrolls of teleportation
 s - 5 scrolls of butterflies
 z - a scroll of magic mapping
 C - 4 scrolls of identify
 M - 3 scrolls of fear
 N - 5 scrolls of blinking
 U - 4 scrolls of poison
Potions
 b - 8 potions of mutation
 f - 2 potions of haste
 k - 9 potions of curing
 l - a potion of lignification
 q - a potion of cancellation
 x - 4 potions of might
 E - 6 potions of attraction
 H - 3 potions of brilliance
 K - 3 potions of ambrosia
 P - 4 potions of resistance
 R - a potion of berserk rage
Miscellaneous
 e - a lightning rod (4/4)


   Skills:
 + Level 16.3 Fighting
 - Level 4.4(8.2) Short Blades
 - Level 10.8(11.2) Long Blades
 - Level 14.4 Armour
 + Level 8.8 Dodging
 - Level 1.5 Stealth
 - Level 9.1 Shields
 + Level 15.4 Spellcasting
 + Level 17.2 Invocations
 - Level 9.3 Evocations


You couldn't memorise any spells.
You knew the following spells:

 Your Spells              Type           Power      Damage    Failure   Level
a - Foxfire               Conj/Fire      100%       2x1d9     0%          1
b - Scorch                Fire           100%       2d10      0%          2
c - Kindle Blastsparks    Fire/Tloc/Air  100%       2d18      0%          3
d - Inner Flame           Hex/Fire       92%        N/A       0%          3
e - Flame Wave            Conj/Fire      92%        2d19      1%          4
f - Freeze                Ice            100%       1d10      0%          1
g - Poisonous Vapours     Pois/Air       100%       N/A       0%          2
h - Teleport Other        Tloc           92%        N/A       0%          3
i - Fulminant Prism       Conj/Hex       46%        3d21      1%          4
j - Iskenderun's Mystic   Conj/Tloc      92%        2d18      1%          4
k - Metabolic Englaciati  Hex/Ice        46%        N/A       1%          5
l - Eringya's Noxious Bo  Tmut/Pois      46%        N/A       1%          6
m - Dispersal             Tloc           46%        N/A       1%          6
n - Summon Hydra          Summ           46%        N/A       3%          7
o - Infestation           Necr           46%        N/A       28%         8
Your spell library was empty.

Dungeon Overview and Level Annotations

Branches:
Dungeon (15/15)            Temple (1/1) D:6            Lair (5/5) D:9
  Swamp (4/4) Lair:2        Snake (4/4) Lair:2        Slime (0/5) Lair:4
    Orc (2/2) D:10            Elf (0/3) Orc:2        Vaults (2/5) D:14
  Crypt (1/3) Vaults:2     Depths (1/4) D:15          Sewer (visited)
  IceCv (visited)

Altars:
Ashenzari
Cheibriados
Dithmenos
Elyvilon
Fedhas
Gozag
Hepliaklqana
Makhleb
Nemelex Xobeh
Okawaru
Qazlal
Ru
Trog
Uskayaw
Wu Jian
Xom
Yredelemnul
Zin
The Shining One
Jiyva

Shops:
D:1 [   D:15 :   Orc:2 (!=*   Snake:3 *   Vaults:2 *

Annotations:
D:10 3 runed translucent doors, confidenceinterval's ghost, journeyman OgBr
Vaults:2 3 runed translucent doors, Corraure's ghost, adept FoFi


Innate Abilities, Weirdness & Mutations

You are immune to sickness and miasma.
You are immune to poison.
Your flesh is very heat resistant. (rF++)
You are vulnerable to cold. (rC-)
You float through the air rather than walking.
You learn spells naturally, not from books.
Your magical power is your life essence.
You have superior vitality. (+4 MHP)
You are robust. (+10% HP)


Message History

Something bites you but does no damage.
You closely miss something. Something hits you! Something bites you.
You miss something. Something hits you but does no damage.
You block something's attack.
You slash something! Something hits you! Something closely misses you.
Something hits you!! Something bites you but does no damage.
You hit something.
A freezing wraith comes into view.
Something hits you!!!
* * * LOW HITPOINT WARNING * * *
Something misses you.
Casting: Flame Wave (safe; 1% risk of failure)
Confirm with . or Enter, or press ? or * to list all spells.
You can't see any susceptible monsters within range! (Use Z to cast anyway.)
Casting: Flame Wave (safe; 1% risk of failure)
Confirm with . or Enter, or press ? or * to list all spells.
Casting: Dispersal (mildly dangerous; 1% risk of failure)
Press: ? - help, Dir - look around, f - activate
* * * LOW HITPOINT WARNING * * *
As you read the scroll of teleportation, it crumbles to dust.
You feel strangely unstable.
A necromancer comes into view. It is wielding a +0 dagger.
Something hits you but does no damage. Something bites you but does no damage.
You barely miss something. The necromancer casts a spell at you.
The bolt of negative energy hits something.
The bolt of negative energy hits you but does no damage.
You resist. Something barely misses you.
Something bites you but does no damage.
You hit something but do no damage.
You hear some strange, mumbled words.
Something tries to affect you, but you resist.
The freezing wraith hits you.
* * * LOW HITPOINT WARNING * * *
The freezing wraith freezes you!
* * * LOW HITPOINT WARNING * * *
You block the freezing wraith's attack. The necromancer casts a spell at you.
You feel better. Something hits you!!
You die...

#..........#
#..........#
##..........#
#...........#
#...........#
#.#######.#...#
#.#######.#
.....
#......##W#
....
#......##@# .Z.
#......##{# V.
#......##.# #
#.#######.#
####.# #)p
#....# #>#
#....# #.#
#....# #..
#....# ...


You could see a freezing wraith and a necromancer.

Vanquished Creatures
  An ancient lich (Vaults:2)
  Nikola (Arena)
  A bone dragon (Vaults:2)
  Mlioglotl (Snake:2)
  Frances (Snake:1)
  A sphinx (Vaults:2)
  2 thorn hunters (Swamp:4)
  Kirke (Snake:1)
  7 nagarajas
  Donald (Orc:2)
  A fenstrider witch (Swamp:4)
  Roxanne (Snake:1)
  2 fire giants
  2 frost giants
  3 vault wardens (Vaults:2)
  2 orc warlords (Vaults:1)
  Louise (Snake:3)
  6 ironbound preservers
  4 very ugly things
  2 ironbound thunderhulks (Vaults:2)
  A quicksilver ooze (Lair:4)
  A stone giant (Depths:1)
  4 eleionomae
  3 vampire knights
  11 dire elephants
  An eidolon (Vaults:2)
  3 bunyips
  2 blizzard demons (IceCv)
  An entropy weaver (Vaults:2)
  3 fire dragons
  4 yaktaur captains
  A shambling mangrove (Swamp:4)
  An ice dragon (D:15)
  6 vault guards
  Fannar (Orc:1)
  4 centaur warriors
  6 catoblepae
  20 hydras
  2 ghost crabs
  2 salamander tyrants
  3 boulder beetles
  11 anacondas
  4 ironbound frosthearts
  2 spriggan air magi (Depths:1)
  6 two-headed ogres
  A deep troll shaman (Depths:1)
  6 alligators
  25 death yaks
  3 vampire magi
  18 naga warriors
  7 orc high priests
  2 tengu warriors
  Urug (D:11)
  14 naga sharpshooters
  7 shock serpents
  A soul eater (D:9)
  2 deep elf knights (D:14)
  Amaemon (Lair:2)
  An iron troll (Depths:1)
  12 skeletal warriors
  6 goliath frogs
  A salamander mystic (Snake:4)
  A spriggan druid (Swamp:3)
  13 swamp dragons
  26 deep trolls
  A flayed ghost (Arena)
  5 bog bodies
  9 naga ritualists
  2 deep elf archers (D:14)
  A shadow dragon zombie (Vaults:2)
  5 phantasmal warriors
  8 spriggan simulacra (IceCv)
  4 necromancers
  5 deep elf zephyrmancers (D:14)
  3 ironbound convokers
  8 orc knights
  A harpy (shapeshifter) (D:14)
  11 lindwurms
  3 wizards
  A wolf spider (shapeshifter) (D:13)
  3 cyclopes
  10 deep elf pyromancers
  8 salamanders
  14 mana vipers
  A stone giant zombie (Vaults:2)
  5 manticores
  3 orc sorcerers
  4 will-o-the-wisps
  A sphinx skeleton (Vaults:2)
  A stone giant skeleton (Vaults:1)
  11 guardian serpents
  15 ugly things
  Maurice (Orc:1)
  4 elephants (Lair:5)
  21 black mambas
  16 naga magi
  5 vault sentinels
  2 orange demons
  A torpor snail (Lair:1)
  A gargoyle (D:10)
  An unseen horror (D:12)
  A rime drake (Lair:5)
  6 cane toads
  A yaktaur zombie (Vaults:1)
  A kobold demonologist (D:12)
  An efreet (D:15)
  An anaconda simulacrum (IceCv)
  A steelbarb worm zombie (Crypt:1)
  4 yaktaurs
  A tengu conjurer (D:15)
  A spectral naga (Snake:2)
  2 yaktaur skeletons
  8 komodo dragons
  A freezing wraith (IceCv)
  A golden dragon simulacrum (IceCv)
  A red devil (D:9)
  7 ice devils
  11 trolls
  3 tyrant leeches
  A merfolk (D:11)
  3 meliai (D:15)
  4 polar bears
  10 hornets
  40 slime creatures
  9 blink frogs
  Sigmund (D:2)
  A human simulacrum (Vaults:1)
  A fire dragon skeleton (Crypt:1)
  2 shadows
  8 spriggans
  Grum (D:10)
  4 hogs (Snake:1)
  53 yaks
  20 humans (D:14)
  3 vampires
  4 wraiths
  4 dire elephant simulacra (IceCv)
  4 basilisks
  9 wyverns
  A neqoxec (D:9)
  2 steam dragons
  8 minotaur simulacra (IceCv)
  18 vampire mosquitoes
  13 swamp worms
  46 nagas
  A redback (Vaults:2)
  10 wargs
  10 water moccasins
  Pargi (Sewer)
  2 black bears
  2 alligator simulacra (IceCv)
  16 orc warriors
  4 sky beasts
  2 ogres
  3 elephant zombies (Lair:4)
  4 swamp drakes
  3 ice beasts
  3 boggarts (Vaults:2)
  7 centaurs
  An ettin simulacrum (IceCv)
  4 wolves (D:10)
  An orc skeleton (Vaults:1)
  2 phantoms
  An elephant skeleton (Crypt:1)
  6 kobold brigands
  11 bullfrogs
  2 gnoll sergeants
  6 deep troll simulacra (IceCv)
  2 scorpions (D:6)
  3 necrophages
  13 wights
  4 lindwurm simulacra (IceCv)
  24 killer bees
  2 howler monkeys
  2 electric eels
  Crazy Yiuf (D:2)
  2 basilisk zombies (Lair:4)
  A gnoll bouda (D:7)
  A hound (D:5)
  6 jellies
  39 orc priests
  Natasha (thrice) (D:2)
  An iguana (D:7)
  14 orc wizards
  10 hell rats
  10 gnolls
  17 adders
  18 river rats (Lair:1)
  3 shadow imps
  2 white imps
  An ufetubus (D:5)
  5 worms
  2 dart slugs
  84 orcs
  7 endoplasms
  4 giant cockroaches
  12 goblins
  4 hobgoblins
  8 quokkas
  8 ball pythons
  3 bats
  11 frilled lizards
  24 kobolds
  17 rats
  A bush (Lair:4)
  A butterfly (Lair:4)
1281 creatures vanquished.

Vanquished Creatures (collateral kills)
  2 foxfires (D:7)
2 creatures vanquished.

Vanquished Creatures (others)
  A bloated husk (Swamp:4)
  2 spriggans
  2 nagas
  10 demonic plants (D:9)
  951 foxfires
  32 fulminant prisms
  14 fungi
  53 plants
1065 creatures vanquished.

Grand Total: 2348 creatures vanquished

Notes
Turn   | Place    | Note
-------+----------+-------------------------------------------
     0 | D:1      | Ijustatesigmund the Djinni Fire Elementalist began the
                  | quest for the Orb.
     0 | D:1      | Ijustatesigmund set off with the following spells
                  | memorised: Foxfire, Scorch, Kindle Blastsparks, Inner
                  | Flame, Flame Wave.
     0 | D:1      | Reached XP level 1. HP: 15/15 MP: 0/0
    38 | D:1      | Found Laczy's Armour Emporium.
   109 | D:1      | Reached skill level 1 in Fighting
   109 | D:1      | Reached XP level 2. HP: 20/22 MP: 0/0
   459 | D:1      | Reached XP level 3. HP: 24/27 MP: 0/0
   459 | D:1      | Learned a level 1 spell: Freeze
   728 | D:2      | Noticed Natasha
   731 | D:2      | Killed Natasha
   827 | D:2      | Reached XP level 4. HP: 28/33 MP: 0/0
   946 | D:2      | Noticed Sigmund
   953 | D:2      | Killed Sigmund
   954 | D:2      | Reached XP level 5. HP: 36/41 MP: 0/0
   954 | D:2      | Learned a level 2 spell: Poisonous Vapours
   954 | D:2      | Reached XP level 6. HP: 42/47 MP: 0/0
  1025 | D:2      | Noticed Natasha
  1035 | D:2      | Killed Natasha
  1171 | D:2      | Noticed Natasha
  1178 | D:2      | Killed Natasha
  1452 | D:2      | Found a runed translucent door.
  1453 | D:2      | Noticed Crazy Yiuf
  1704 | D:2      | Killed Crazy Yiuf
  2206 | D:3      | Found a faded altar of an unknown god.
  2214 | D:3      | Found a glowing silver altar of Zin.
  2286 | D:3      | You are sucked into a shaft and drop 2 floors!
  2286 | D:5      | Entered Level 5 of the Dungeon
  2295 | D:5      | Reached XP level 7. HP: 50/53 MP: 0/0
  2295 | D:5      | Learned a level 3 spell: Teleport Other
  2377 | D:5      | Reached skill level 5 in Fighting
  2561 | D:5      | Reached skill level 5 in Spellcasting
  2563 | D:5      | Reached XP level 8. HP: 17/60 MP: 0/0
  2931 | D:4      | Found a glowing drain.
  2952 | Sewer    | Entered a sewer
  2983 | Sewer    | Noticed Pargi
  3012 | Sewer    | Killed Pargi
  3593 | D:4      | Gained mutation: You are robust. (+10% HP) [potion of
                  | mutation]
  4286 | D:5      | Reached XP level 9. HP: 83/83 MP: 0/0
  4286 | D:5      | Learned a level 4 spell: Fulminant Prism
  4644 | D:6      | Found an opulent altar of Gozag.
  4719 | D:6      | Identified the amulet "Uleobb" {Reflect rPois rCorr Int+5
                  | SH+5}
  4739 | D:6      | Reached XP level 10. HP: 86/90 MP: 0/0
  4834 | D:6      | Reached skill level 1 in Armour
  5104 | D:6      | Found a staircase to the Ecumenical Temple.
  5701 | D:7      | Found a hazy altar of Hepliaklqana.
  6025 | D:7      | Found an ornate altar of the Wu Jian Council.
  6116 | D:7      | Found a white marble altar of Elyvilon.
  6123 | D:7      | Found a hide-covered altar of Uskayaw.
  6371 | D:1      | Bought a +0 buckler for 45 gold pieces
  6371 | D:1      | Bought a +0 helmet for 45 gold pieces
  7497 | D:8      | Reached skill level 5 in Dodging
  7501 | D:8      | Reached skill level 1 in Shields
  7514 | D:8      | Noticed a two-headed ogre
  7792 | D:8      | Reached skill level 5 in Armour
  7848 | D:8      | Reached XP level 11. HP: 60/95 MP: 0/0
  7848 | D:8      | Learned a level 4 spell: Iskenderun's Mystic Blast
  8312 | D:8      | Noticed a manticore
  8411 | D:8      | Found a sacrificial altar of Ru.
  8628 | D:8      | Killed a two-headed ogre
  8893 | D:8      | Found a shadowy altar of Dithmenos.
  9115 | Temple   | Entered the Ecumenical Temple
  9163 | Temple   | Became a worshipper of Warmaster Okawaru
  9268 | D:9      | Noticed a death yak
  9273 | D:9      | Noticed a death yak
  9283 | D:8      | Killed a death yak
  9284 | D:8      | Reached skill level 1 in Invocations
  9727 | D:9      | Found a staircase to the Lair.
  9728 | D:9      | Noticed a death yak
  9767 | D:9      | Killed a death yak
  9767 | D:9      | Reached * piety under Okawaru
  9768 | D:9      | Reached skill level 2 in Invocations
  9769 | D:9      | Killed a death yak
  9769 | D:9      | Reached ** piety under Okawaru
 10195 | D:9      | Noticed a soul eater
 10202 | D:9      | Noticed a two-headed ogre
 10206 | D:9      | Reached skill level 3 in Invocations
 10218 | D:9      | Killed a two-headed ogre
 10220 | D:9      | Killed a soul eater
 10308 | D:9      | Reached *** piety under Okawaru
 10327 | D:9      | Reached skill level 4 in Invocations
 10549 | D:9      | Reached XP level 12. HP: 91/104 MP: 0/0
 10720 | D:9      | Noticed a two-headed ogre
 10731 | D:9      | Killed a two-headed ogre
 10905 | D:9      | Reached skill level 10 in Spellcasting
 10942 | D:9      | Identified the +2 robe "Qoirot" {rN+ SInv}
 11284 | D:10     | Entered Level 10 of the Dungeon
 11745 | D:10     | Found a runed translucent gate.
 11745 | D:10     | Found a runed translucent gate.
 11745 | D:10     | Found a runed translucent gate.
 11747 | D:10     | Noticed confidenceinterval's ghost (journeyman OgBr)
 11940 | D:10     | Found a staircase to the Orcish Mines.
 12066 | D:10     | Noticed a two-headed ogre
 12080 | D:10     | Killed a two-headed ogre
 12080 | D:10     | Reached **** piety under Okawaru
 12081 | D:10     | Reached skill level 1 in Short Blades
 12081 | D:10     | Reached skill level 5 in Invocations
 12260 | D:10     | Noticed Grum
 12271 | D:10     | Killed Grum
 12928 | D:10     | Found a viscous altar of Jiyva.
 13063 | D:11     | Noticed a two-headed ogre
 13077 | D:11     | Killed a two-headed ogre
 13078 | D:11     | Reached skill level 6 in Invocations
 13125 | D:11     | Noticed a skeletal warrior
 13132 | D:11     | Noticed a skeletal warrior
 13132 | D:11     | Noticed a skeletal warrior
 13134 | D:11     | Noticed a skeletal warrior
 13175 | D:11     | Killed a skeletal warrior
 13202 | D:11     | Killed a skeletal warrior
 13202 | D:11     | Reached ***** piety under Okawaru
 13233 | D:11     | Noticed a skeletal warrior
 13252 | D:11     | Killed a skeletal warrior
 13418 | D:11     | Noticed Urug
 13418 | D:11     | Killed a skeletal warrior
 13427 | D:11     | Reached XP level 13. HP: 105/112 MP: 0/0
 13427 | D:11     | Learned a level 5 spell: Metabolic Englaciation
 13440 | D:11     | Killed Urug
 13441 | D:11     | Reached skill level 7 in Invocations
 14578 | D:12     | Received a gift from Okawaru
 15003 | D:12     | Reached skill level 8 in Invocations
 15872 | D:13     | Noticed a centaur warrior
 15885 | D:13     | Killed a centaur warrior
 16093 | D:13     | Reached ****** piety under Okawaru
 16171 | D:13     | Noticed a centaur warrior
 16186 | D:13     | Killed a centaur warrior
 16978 | Lair:1   | Entered Level 1 of the Lair of Beasts
 16987 | Lair:1   | Reached XP level 14. HP: 93/121 MP: 0/0
 17238 | Lair:1   | Identified the -1 hat "Kufimpyll" {Str+4} (Okawaru gifted
                  | it to you on level 1 of the Lair of Beasts)
 17238 | Lair:1   | Received a gift from Okawaru
 17267 | Lair:1   | Reached skill level 9 in Invocations
 18210 | Lair:2   | Found a staircase to the Snake Pit.
 18303 | Lair:2   | Noticed Amaemon
 18316 | Lair:2   | Killed Amaemon
 18605 | Lair:2   | Found a staircase to the Swamp.
 19819 | Lair:3   | Received a gift from Okawaru
 20064 | Lair:3   | Identified the +1 war axe of Spite {drain, Drain rPois rF+
                  | Dex+7}
 20736 | Lair:4   | Reached skill level 5 in Shields
 21445 | Lair:4   | Reached skill level 10 in Invocations
 21589 | Lair:4   | Found a viscous altar of Jiyva.
 21589 | Lair:4   | Found a staircase to the Slime Pits.
 21738 | Lair:5   | Entered Level 5 of the Lair of Beasts
 21741 | Lair:5   | a six-headed hydra changed into a quicksilver ooze
 21741 | Lair:5   | Noticed a quicksilver ooze
 21753 | Lair:4   | Killed a quicksilver ooze
 21754 | Lair:4   | Reached skill level 1 in Evocations
 21990 | Lair:4   | Reached XP level 15. HP: 98/128 MP: 0/0
 21990 | Lair:4   | Learned a level 6 spell: Eringya's Noxious Bog
 22328 | Lair:4   | Received a gift from Okawaru
 22715 | Lair:5   | Reached skill level 11 in Invocations
 23210 | Lair:5   | Reached skill level 5 in Evocations
 24124 | Lair:5   | Received a gift from Okawaru
 24926 | Orc:1    | Entered Level 1 of the Orcish Mines
 24926 | Orc:1    | You are sucked into a shaft and drop 1 floor!
 24926 | Orc:2    | Entered Level 2 of the Orcish Mines
 25113 | Orc:2    | Noticed Donald
 25131 | Orc:2    | Killed Donald
 25711 | Orc:2    | Reached XP level 16. HP: 131/135 MP: 0/0
 25714 | Orc:2    | Found a staircase to the Elven Halls.
 25724 | Orc:1    | Noticed Fannar
 25730 | Orc:1    | Killed Fannar
 25991 | Orc:1    | Reached skill level 12 in Invocations
 26301 | Orc:2    | Noticed Maurice
 26492 | Orc:1    | Killed Maurice
 27123 | Orc:2    | Found Suontikh's Distillery.
 27123 | Orc:2    | Found Kunob's Weapon Shop.
 27207 | Orc:2    | Found Anlentit's General Store.
 27207 | Orc:2    | Found Mooberar's Jewellery Shop.
 27213 | Orc:2    | Bought a scroll of identify for 20 gold pieces
 27213 | Orc:2    | Bought a scroll of teleportation for 30 gold pieces
 27222 | Orc:2    | Bought a ring of wizardry for 330 gold pieces
 27351 | Orc:2    | Upgraded the game from 0.30-a0-415-g685d318daa to
                  | 0.30-a0-424-g7412bad402
 27947 | D:14     | Identified the +12 plate armour "Pozadghub" {Will+}
                  | (Okawaru gifted it to you on level 14 of the Dungeon)
 27947 | D:14     | Received a gift from Okawaru
 28999 | D:14     | Reached skill level 13 in Invocations
 29526 | D:14     | Found a gate to the Vaults.
 29903 | D:15     | Entered Level 15 of the Dungeon
 30017 | D:15     | Found a frozen archway.
 30021 | IceCv    | Entered an ice cave
 31030 | IceCv    | Reached XP level 17. HP: 93/141 MP: 0/0
 31030 | IceCv    | Learned a level 6 spell: Dispersal
 32010 | IceCv    | HP: 6/141 [golden dragon simulacrum (3)]
 32349 | IceCv    | Received a gift from Okawaru
 34299 | D:15     | Found Hoxioq's Book Boutique.
 34349 | D:15     | Reached skill level 10 in Armour
 34927 | D:15     | Received a gift from Okawaru
 34999 | D:15     | Found a staircase to the Depths.
 35445 | Snake:1  | Entered Level 1 of the Snake Pit
 35693 | Snake:1  | Reached skill level 1 in Long Blades
 36009 | Snake:1  | Reached skill level 14 in Invocations
 37291 | Snake:1  | Identified the ring "Puweniw" {rF+ EV+4 Int+2 Dex+4}
 37470 | Snake:1  | Identified Roxanne's Codex of Grit
 37470 | Snake:1  | Noticed Roxanne
 37510 | Snake:1  | Killed Roxanne
 37813 | Snake:1  | Identified the +2 ring mail "Muaj" {Rampage rF+++ MP-9}
 37854 | Snake:1  | Noticed Kirke
 38118 | Snake:1  | Killed Kirke
 38118 | Snake:1  | Identified the +7 chain mail "Seloifa" {rC+} (Okawaru
                  | gifted it to you on level 1 of the Snake Pit)
 38118 | Snake:1  | Received a gift from Okawaru
 38475 | Snake:1  | Identified the +1 tower shield of Polytheism {*Corrode
                  | rPois Int+4 Dex+3}
 38762 | Snake:2  | Noticed Mlioglotl
 38772 | Snake:2  | Killed Mlioglotl
 38773 | Snake:2  | Reached skill level 5 in Long Blades
 39199 | Snake:1  | Upgraded the game from 0.30-a0-424-g7412bad402 to
                  | 0.30-a0-457-g4b7bca3bfa
 39212 | Snake:2  | Noticed Frances
 39514 | Snake:1  | Killed Frances
 39713 | Snake:1  | Reached XP level 18. HP: 75/149 MP: 0/0
 40588 | Snake:3  | Noticed Louise
 40707 | Snake:3  | Killed Louise
 41149 | Snake:3  | Received a gift from Okawaru
 41390 | Snake:3  | Identified the +1 crystal plate armour "Jer Nueleu" {Harm
                  | Int+4 Dex+3} (Okawaru gifted it to you on level 3 of the
                  | Snake Pit)
 41390 | Snake:3  | Received a gift from Okawaru
 41427 | Snake:3  | Reached skill level 10 in Long Blades
 42271 | Snake:3  | Found Vitoim's General Store.
 42275 | Snake:3  | Bought a scroll of teleportation for 63 gold pieces
 42275 | Snake:3  | Bought a scroll of enchant weapon for 157 gold pieces
 42391 | Snake:4  | Entered Level 4 of the Snake Pit
 43608 | Snake:4  | Reached XP level 19. HP: 60/155 MP: 0/0
 43608 | Snake:4  | Learned a level 7 spell: Summon Hydra
 44222 | Snake:4  | Noticed Nikola
 44659 | Arena    | Entered the Arena
 44687 | Arena    | Killed Nikola
 44716 | Snake:4  | Identified the +2 pair of gloves "Muowixt" {+Blink rPois
                  | Will+} (Okawaru gifted it to you on level 4 of the Snake
                  | Pit)
 44716 | Snake:4  | Received a gift from Okawaru
 44717 | Snake:4  | Reached skill level 15 in Fighting
 44888 | Snake:4  | Got a serpentine rune of Zot
 45032 | Swamp:1  | Entered Level 1 of the Swamp
 46044 | Swamp:2  | Reached skill level 15 in Invocations
 46893 | Swamp:4  | Entered Level 4 of the Swamp
 47096 | Swamp:4  | Received a gift from Okawaru
 47114 | Swamp:4  | Received a gift from Okawaru
 47311 | Swamp:4  | Identified the +3 leather armour of the Trombone {Fly rF-
                  | rN+++ rCorr}
 47486 | Swamp:4  | Reached XP level 20. HP: 131/166 MP: 0/0
 47651 | Swamp:4  | Got a decaying rune of Zot
 48293 | Vaults:1 | Entered Level 1 of the Vaults
 49079 | Vaults:1 | Identified the +1 double sword of Basiacox {vamp, Int+2}
                  | (Okawaru gifted it to you on level 1 of the Vaults)
 49079 | Vaults:1 | Received a gift from Okawaru
 49637 | Vaults:1 | Reached skill level 16 in Invocations
 50271 | Vaults:1 | Received a gift from Okawaru
 51249 | Vaults:2 | Noticed a bone dragon
 51305 | Vaults:2 | Killed a bone dragon
 51481 | Vaults:2 | Reached skill level 15 in Spellcasting
 51539 | Vaults:2 | Reached XP level 21. HP: 117/172 MP: 0/0
 51539 | Vaults:2 | Learned a level 8 spell: Infestation
 51779 | Vaults:2 | Received a gift from Okawaru
 51906 | Vaults:2 | Found a runed translucent gate.
 51907 | Vaults:2 | Found a runed translucent gate.
 51910 | Vaults:2 | Found a runed translucent gate.
 51913 | Vaults:2 | Identified the +4 chain mail "Baanuwk" {rF+ rCorr Slay+3}
 51913 | Vaults:2 | Noticed Corraure's ghost (adept FoFi)
 52276 | Vaults:2 | Found Ziguuj's General Store.
 52285 | Vaults:2 | Bought a wand of roots (5) for 192 gold pieces
 52285 | Vaults:2 | Bought a wand of acid (8) for 537 gold pieces
 52692 | Vaults:2 | Found a staircase to the Crypt.
 52972 | Crypt:1  | Entered Level 1 of the Crypt
 53179 | Depths:1 | Entered Level 1 of the Depths
 53519 | Depths:1 | Reached skill level 17 in Invocations
 53672 | Depths:1 | Received a gift from Okawaru
 54111 | Arena    | Entered the Arena
 54165 | Vaults:2 | HP: 7/172 [something (25)]
 54697 | Crypt:1  | Noticed an ancient lich
 54710 | Vaults:2 | Killed an ancient lich
 55285 | Crypt:1  | HP: 7/172 [freezing wraith (16)]
 55286 | Crypt:1  | Mangled by a vampire knight

Illustrated notes

Levels and vault maps discovered:
D:1:      shiori_arrival_oz, layout_basic, serial_shops, nicolae_shop_crystal
D:2:      layout_basic, uniq_natasha, uniq_crazy_yiuf_cottage, uniq_sigmund
D:3:      layout_basic, nicolae_overflow_ecumenical_swirl
D:4:      layout_gridville, cheibrodos_sewer_entry_bend
D:5:      layout_cave_pools, nicolae_kite_square_tiling_tiny,
          minmay_misc_feat_rows, roderic_roman_lattice
D:6:      layout_rooms, grunt_gozag_breadcrumbs,
          minmay_temple_entry_glassed_door, minmay_increasing_density
D:7:      layout_gridville, amethyst_overflow_temple_binary,
          nicolae_hepliaklqana_hazy_memory, mainiacjoe_overflow_chevrons,
          kennysheep_potato
D:8:      layout_loops_ring, grunt_dithmenos_smoke_and_mirrors,
          nicolae_ru_great_annihilating_truth, grunt_ministairs_10,
          chequers_mini_garden, wad_dig_loot
D:9:      layout_long_grid, dpeg_lair_monsters, serial_demonic,
          serial_demonic_d, serial_demonic_c, serial_demonic_b,
          serial_demonic_e, serial_demonic_b, serial_demonic_b,
          minmay_misc_feat_tiny
D:10:     minmay_recursive_quarters, layout_gridville, david_orc_3,
          gammafunk_ghost_ooze, serial_glass, glass_columns_a, glass_columns_b,
          minivault_10, minivault_1, uniq_grum
D:11:     layout_gridville, mrwooster_statue_mirror, hangedman_stone_soup,
          kennysheep_flooded_box, uniq_urug
D:12:     minmay_bubble_buster, layout_small_grid, minivault_14
D:13:     layout_small_grid
D:14:     minmay_elf_outpost, layout_loops_ring, grunt_vaults_entry_tiered,
          hangedman_abyss_or_decor_slice
D:15:     grunt_enter_depths_hoard, layout_stronghold,
          portal_ice_cave_entry_pillars_four, serial_shops, nicolae_shop_crystal
Temple:   nicolae_temple_ecumenical_triangle
Lair:1:   lemuel_ratsnest, layout_regular_city, beast_lair_carwin_5
Lair:2:   layout_regular_city, swamp_mist, guppyfry_snake_entry_garden,
          uniq_amaemon
Lair:3:   layout_layer_cave
Lair:4:   pond_and_an_island_with_a_cottage, layout_regular_city,
          dpeg_slime_entry_enclosed, minmay_stone_trees_small,
          serial_bayou_pond_d, lemuel_fruit_fields, lemuel_fruit_tree,
          lemuel_fruit_fields, serial_bayou_shore_a
Lair:5:   evilmike_catoblepas_cave, layout_regular_city, grunt_megastairs_2
Swamp:1:  layout_falls_marsh, evilmike_swamp_ruin_house_2
Swamp:2:  layout_falls_marsh, evilmike_swamp_ruin_house_5
Swamp:3:  layout_basic_swamp, evilmike_swamp_ruin_house_4
Swamp:4:  swamp_alternative, layout_basic_swamp, swamp_pool5
Snake:1:  layout_rooms, nicolae_snake_guarding_the_ruins, uniq_kirke,
          uniq_roxanne
Snake:2:  layout_onion_interference, nicolae_snake_ghostly_warrior_ritual,
          uniq_frances, uniq_mlioglotl
Snake:3:  layout_misc_corridors, serial_shops, nicolae_shop_waterfront,
          uniq_louise
Snake:4:  grunt_snake_rune_serpentine_throne, layout_misc_corridors,
          nicolae_snake_double_loop, nicolae_snake_gridmaze_entwining,
          uniq_nikola
Orc:1:    layout_diamond_mine, uniq_fannar
Orc:2:    st_orc_town, layout_caves, uniq_donald, uniq_maurice
Vaults:1: v_misc_3, grunt_vaults_swirl, vaults_room_ringed_pool,
          nicolae_vaults_angled_halls, nicolae_vaults_little_squares_4,
          v_misc_27, hangedman_vaults_maws, layout_vaults_big_room
Vaults:2: biasface_ghost_orc_armoury, ontoclasm_vaults_ring_large,
          hangedman_vaults_locks, st_cross, nicolae_vaults_little_squares_2,
          nicolae_vaults_alarming, nicolae_vaults_little_squares_4,
          vaults_dpeg_emergency_exit, layout_vaults_omnigrid,
          minmay_crypt_entry_nasty_monster, serial_shops, nicolae_square_shop
Crypt:1:  layout_basic, amcnicky_altar_lugonu_corruption
Depths:1: layout_cave_pools, hell_entry, fedhas_altar_fruit_tree,
          okawaru_ov_weapons_minmay

Skill      XL: |  1  2  3  4  5  6  7  8  9 10 11 12 13 14 15 16 17 18 19 20 21 |
---------------+----------------------------------------------------------------+-----
Fighting       | 1 2 3 4 5 11 12 13 14 15 16 | 16.3
Spellcasting   | 3 4 5 8 9 10 11 12 13 14 15 | 15.4
Armour         | 5 6 9 11 14 | 14.4
Dodging        | 5 6 7 8 |  8.8
Shields        | 2 3 5 8 9 |  9.1
Invocations    | 4 6 8 10 11 13 14 15 16 17 | 17.2
Short Blades   | 4 |  4.4
Evocations     | 2 6 8 9 |  9.3
Long Blades    | 6 10 | 10.8
Stealth        | |  1.5

Action                   |  1- 3 |  4- 6 |  7- 9 | 10-12 | 13-15 | 16-18 | 19-21 || total
-------------------------+-------+-------+-------+-------+-------+-------+-------++-------
Melee: Short sword       |       |       |       |    54 |   133 |    92 |       ||   279
       Demon blade       |       |       |       |       |       |   587 |  1366 ||  1953
 Cast: Foxfire           |    46 |    45 |   115 |    90 |   105 |   107 |    41 ||   549
       Scorch            |     6 |    15 |    28 |   174 |   227 |   233 |    32 ||   715
       Kindle Blastspark |       |     4 |       |    49 |    40 |    10 |     4 ||   107
       Teleport Other    |       |       |     3 |     3 |     8 |     1 |     8 ||    23
       Poisonous Vapours |       |       |     6 |   101 |   127 |   124 |     1 ||   359
       Flame Wave        |       |       |     1 |    20 |    85 |   119 |    83 ||   308
       Iskenderun's Myst |       |       |       |     1 |     7 |     3 |       ||    11
       Fulminant Prism   |       |       |       |     2 |    24 |     6 |       ||    32
       Metabolic Englaci |       |       |       |       |     3 |    32 |    32 ||    67
       Eringya's Noxious |       |       |       |       |     4 |    16 |     3 ||    23
       Freeze            |       |       |       |       |       |    18 |     3 ||    21
       Dispersal         |       |       |       |       |       |    13 |    22 ||    35
Invok: Heroism           |       |       |       |     3 |     3 |     7 |     4 ||    17
       Finesse           |       |       |       |       |       |     1 |       ||     1
       Duel              |       |       |       |       |       |       |     2 ||     2
 Abil: Evoke Blink       |       |       |       |       |       |       |     1 ||     1
Evoke: Wand              |       |       |       |    11 |    10 |    18 |    24 ||    63
       Lightning rod     |       |       |       |       |       |     1 |       ||     1
  Use: Scroll            |     2 |       |     9 |     9 |     9 |    16 |    19 ||    64
       Potion            |       |       |     2 |     3 |     2 |     8 |     9 ||    24
 Stab: Sleeping          |       |       |       |       |       |     1 |     1 ||     2
       Distracted        |       |       |       |       |       |       |     2 ||     2
       Paralysed         |       |       |       |       |       |       |    22 ||    22
Armor: Robe              |     3 |     3 |     8 |     4 |       |       |       ||    18
       Steam dragon scal |       |       |       |    29 |       |       |       ||    29
       Troll leather arm |       |       |       |    18 |   228 |   128 |   356 ||   730
       Ice dragon scales |       |       |       |       |       |    55 |       ||    55
       Leather armour    |       |       |       |       |       |    93 |    62 ||   155
Dodge: Dodged            |     6 |    10 |    28 |   132 |   315 |   548 |   818 ||  1857
Block: Other             |       |       |     1 |     5 |       |       |       ||     6
       Buckler           |       |       |       |   122 |   306 |       |   856 ||  1284
       Reflection        |       |       |       |    18 |     3 |    96 |    37 ||   154
       Kite shield       |       |       |       |       |     4 |  1021 |    94 ||  1119

Table legend: (Time is in decaauts)
 A = Elapsed time spent in this place.
 B = Non-inter-level travel time spent in this place.
 C = Inter-level travel time spent in this place.
 D = Time resting spent in this place.
 E = Time spent auto-exploring this place.
 F = Levels seen in this place.
 G = Mean time per level.
                   A        B        C        D        E       F      G
               +--------+--------+--------+--------+--------+-----+--------+
         Total |  54942 |  52224 |   2718 |  21561 |  20694 |  39 | 1408.8 |
       Dungeon |  22245 |  20770 |   1475 |   7363 |   9734 |  15 | 1483.0 |
        Temple |     57 |     48 |      9 |      0 |     34 |   1 |   57.0 |
          Lair |   9693 |   9247 |    446 |   4250 |   3720 |   5 | 1938.6 |
         Swamp |   2989 |   2853 |    136 |    679 |   1434 |   4 |  747.2 |
     Snake Pit |   7778 |   7649 |    129 |   3788 |   2263 |   4 | 1944.5 |
  Orcish Mines |   2463 |   2414 |     49 |   1038 |    913 |   2 | 1231.5 |
        Vaults |   5468 |   5033 |    435 |   1808 |   1922 |   2 | 2734.0 |
         Crypt |    412 |    409 |      3 |    179 |     76 |   1 |  412.0 |
        Depths |    649 |    617 |     32 |    340 |    125 |   1 |  649.0 |
         Sewer |    253 |    253 |      0 |      0 |    149 |   1 |  253.0 |
      Ice Cave |   2872 |   2872 |      0 |   2097 |    324 |   1 | 2872.0 |
         Arena |     58 |     58 |      0 |     18 |      0 |   2 |   29.0 |
               +--------+--------+--------+--------+--------+-----+--------+

Top non-repeatable levels by time:
  Lair:2: 3004 daAuts
    D:14: 2906 daAuts
Vaults:1: 2876 daAuts
   IceCv: 2872 daAuts
 Snake:1: 2712 daAuts
Vaults:2: 2592 daAuts
  Lair:5: 2531 daAuts
     D:9: 2455 daAuts
 Snake:4: 2405 daAuts
    D:15: 2193 daAuts
     D:8: 1929 daAuts
    D:12: 1582 daAuts
  Lair:4: 1581 daAuts
    D:10: 1524 daAuts
   Orc:2: 1492 daAuts
